 Dungeon Crawl Stone Soup version 0.27-a0-475-g4587593e40 (webtiles) character file.

Game seed: 17624194817492121100

9 Chiseanne the Cudgeller (level 2, -1/23 HPs)
             Began as a Demonspawn Wanderer on Mar 1, 2021.
             Slain by a kobold
             ... wielding a +0 spear
              (5 damage)
             ... on level 1 of the Dungeon.
             The game lasted 00:00:38 (215 turns).

Chiseanne the Cudgeller (Demonspawn Wanderer)        Turns: 215, Time: 00:00:39

Health: -1/23      AC:  4    Str: 11    XL:     2   Next: 3%
Magic:  2/2        EV: 11    Int: 13    God:
Gold:   0          SH:  0    Dex: 13    Spells: 1/1 levels left

rFire    . . .     SeeInvis .   a - +2 dagger
rCold    . . .     Faith    .   (no shield)
rNeg     . . .     Spirit   .   e - +0 robe
rPois    .         Reflect  .   (helmet restricted)
rElec    .         Harm     .   (no cloak)
rCorr    .         Rampage  .   (no gloves)
Will     .....                  h - +1 pair of boots
Stlth    ++........             (no amulet)
HPRegen  0.07/turn              (no ring)
MPRegen  0.08/turn              (no ring)

@: no status effects
A: horns 1
a: no special abilities


You were on level 1 of the Dungeon.
You visited 1 branch of the dungeon, and saw 1 of its levels.

Inventory:

Hand Weapons
 a - a +2 dagger (weapon)
 d - a +0 mace
Missiles
 i - 16 bolts
 j - 17 stones (quivered)
Armour
 e - a +0 robe (worn)
 h - a +1 pair of boots (worn)
Scrolls
 b - a scroll of blinking
 c - 2 scrolls of teleportation
Potions
 f - a potion of curing {unknown}
 k - a potion of brilliance {unknown}


   Skills:
 * Level 2.4 Fighting
 - Level 2.6 Maces & Flails
 * Level 1.0 Dodging
 - Level 1.0 Stealth
 - Level 1.7 Shields
 - Level 1.7 Unarmed Combat


You had one spell level left.
You didn't know any spells.
Your spell library was empty.

Dungeon Overview and Level Annotations

Branches:
Dungeon (1/15)

Altars:


Innate Abilities, Weirdness & Mutations

You have a pair of small horns on your head.


Message History

You kill the hobgoblin!
Your Dodging skill increases to level 1!
You have reached level 2!
Your demonic ancestry asserts itself...
A pair of horns grows on your head!
Your +0 helmet falls away!
Things that are here:
a +0 club; a hobgoblin corpse; a jackal corpse Drop what? 11/52 slots (_ for help) (? for menu, Esc to quit)
You drop a +0 helmet.
A kobold comes into view. It is wielding a +0 spear.
You closely miss the kobold.
The kobold shouts!
The kobold closely misses you.
You hit the kobold but do no damage. The kobold hits you with a +0 spear.
You hit the kobold but do no damage. The kobold barely misses you.
You barely miss the kobold. The kobold closely misses you.
You closely miss the kobold. The kobold hits you with a +0 spear.
You are too injured to fight recklessly!
You are too injured to fight recklessly!
You are too injured to fight recklessly!
You are too injured to fight recklessly!
You are too injured to fight recklessly!
You are too injured to fight recklessly!
You are too injured to fight recklessly!
You are too injured to fight recklessly!
You are too injured to fight recklessly!
You are too injured to fight recklessly!
You are too injured to fight recklessly!
You are too injured to fight recklessly!
You are too injured to fight recklessly!
You are too injured to fight recklessly!
You are too injured to fight recklessly!
You are too injured to fight recklessly!
You are too injured to fight recklessly!
You are too injured to fight recklessly!
You barely miss the kobold. The kobold hits you with a +0 spear!
* * * LOW HITPOINT WARNING * * *
You closely miss the kobold. The kobold hits you with a +0 spear.
You die...

##...##.######
##.....######
#..##......#
#.###.#....#
########[#
#.#......
#.......†#
#.#......
#.......##
#.#......
#...$...#
#.#....##
#.K@....#
#.#....#
#.......#
#.#....#
#.....>.#
#.......#
#.........
#.......#.#
########....
..## #.


You could see a kobold.

Vanquished Creatures
  A dart slug (D:1)
  A hobgoblin (D:1)
  3 jackals (D:1)
  A rat (D:1)
6 creatures vanquished.

Notes
Turn   | Place    | Note
-------+----------+-------------------------------------------
     0 | D:1      | Chiseanne the Demonspawn Wanderer began the quest for the
                  | Orb.
     0 | D:1      | Chiseanne set off with the following items: a +2 dagger, a
                  | scroll of blinking, a scroll of teleportation, a +0 mace, a
                  | +0 robe
     0 | D:1      | Reached XP level 1. HP: 16/16 MP: 1/1
   128 | D:1      | Reached skill level 1 in Dodging
   128 | D:1      | Gained mutation: You have a pair of small horns on your
                  | head. [demonic ancestry]
   128 | D:1      | Reached XP level 2. HP: 9/23 MP: 2/2
   215 | D:1      | Slain by a kobold

Illustrated notes

Levels and vault maps discovered:
D:1:      dpeg_arrival_shrine, layout_rooms

Skill      XL: |  1 |
---------------+----+-----
Dodging        | 1 |  1.0
Fighting       | |  2.4
Maces & Flails | |  2.6
Stealth        | |  1.0
Shields        | |  1.7
Unarmed Combat | |  1.7

Action                   || total
-------------------------++-------
Melee: Dagger            ||    36
Armor: Robe              ||    16
Dodge: Dodged            ||    25

Table legend: (Time is in decaauts)
 A = Elapsed time spent in this place.
 B = Non-inter-level travel time spent in this place.
 C = Inter-level travel time spent in this place.
 D = Time resting spent in this place.
 E = Time spent auto-exploring this place.
 F = Levels seen in this place.
 G = Mean time per level.
                   A        B        C        D        E       F      G
               +--------+--------+--------+--------+--------+-----+--------+
         Total |    215 |    215 |      0 |     74 |     55 |   1 |  215.0 |
       Dungeon |    215 |    215 |      0 |     74 |     55 |   1 |  215.0 |
               +--------+--------+--------+--------+--------+-----+--------+

Top non-repeatable levels by time:
     D:1: 215 daAuts
